Map: Crimson Court LE

Players

LetMeTouchIt - Winner!

  • Race: Protoss Protoss
  • Spawn Location: 7:00

PaddyQ

  • Race: Zerg Zerg
  • League: Silver
  • Spawn Location: 1:00

VOD

Have the link to the VOD?

Description

Time

  • Played on: Aug. 2, 2024, 3:53 p.m.
  • Length: 33:36
Show
View Real Time Build Order
Export as new Build Order

LetMeTouchIt Protoss - Winner!

Build Orders:  

Get SALT Encoding   

  12  0:03  Probe (Chrono Boost)  
  13  0:13  Probe (Chrono Boost)  
  14  0:19  Probe  
  15  0:28  Pylon  
  15  0:33  Assimilator  
  15  0:39  Assimilator  
  15  0:52  Forge  
  15  1:01  Probe (Chrono Boost)  
  17  1:12  Probe (Chrono Boost)  
  17  1:17  Probe (Chrono Boost)  
  17  1:18  Gateway  
  18  1:32  Pylon  
  18  2:21  Cybernetics Core  
  18  2:22  Nexus  
  18  2:24  Cybernetics Core  
  18  2:54  Pylon  
  18  2:57  Pylon  
  18  3:02  Assimilator  
  18  3:05  Assimilator  
  18  3:09  Photon Cannon  
  18  3:25  Photon Cannon  
  18  3:31  Photon Cannon  
  18  3:38  Probe (Chrono Boost)  
  20  3:48  Probe (Chrono Boost)  
  20  3:53  Probe (Chrono Boost)  
  22  3:58  Probe (Chrono Boost)  
  22  4:01  Probe (Chrono Boost)  
  23  4:06  Probe (Chrono Boost)  
  24  4:16  Stargate  
  24  4:20  Pylon  
  24  4:27  Pylon  
  24  4:32  Probe (Chrono Boost)  
  25  4:45  Probe (Chrono Boost)  
  27  4:54  Probe x2 (Chrono Boost)  
  28  5:02  Probe (Chrono Boost)  
  28  5:04  Probe (Chrono Boost)  
  30  5:07  Probe (Chrono Boost)  
  30  5:09  Robotics Facility  
  30  5:11  Probe  
  32  5:18  Twilight Council  
  32  5:27  Fleet Beacon  
  32  5:48  Photon Cannon  
  32  5:49  Photon Cannon  
  32  5:53  Photon Cannon  
  32  5:55  Photon Cannon  
  32  5:59  Photon Cannon  
  32  6:07  Photon Cannon  
  32  6:12  Photon Cannon  
  32  6:22  Photon Cannon  
  32  6:48  Carrier  
  32  6:53  Stargate  
  38  6:56  Stargate  
  38  6:58  Probe (Chrono Boost)  
  40  7:09  Probe (Chrono Boost)  
  40  7:14  Probe (Chrono Boost)  
  42  7:19  Probe (Chrono Boost), Pylon  
  42  7:22  Probe (Chrono Boost)  
  43  7:27  Probe (Chrono Boost)  
  43  7:29  Photon Cannon  
  44  7:31  Photon Cannon  
  44  7:38  Pylon  
  44  7:53  Phoenix  
  44  7:54  Phoenix x2  
  50  7:58  Protoss Shields Level 1  
  50  8:21  Protoss Air Weapons Level 1  
  50  8:23  Protoss Air Armor Level 1  
  56  8:32  Observer  
  56  8:34  Mothership  
  57  8:43  Photon Cannon  
  57  8:46  Photon Cannon  
  57  8:50  Photon Cannon  
  57  8:56  Photon Cannon  
  57  9:06  Carrier (Chrono Boost)  
  63  9:13  Tempest (Chrono Boost)  
  68  9:22  Tempest (Chrono Boost)  
  73  9:51  Stargate  
  73  9:54  Stargate  
  73  9:57  Pylon  
  73  10:11  Pylon  
  73  10:16  Pylon  
  73  10:33  Phoenix x3  
  73  10:34  Phoenix  
  81  10:58  Nexus, Phoenix x2  
  85  11:09  Pylon x2  
  85  11:13  Pylon  
  85  11:36  Photon Cannon x2  
  85  11:42  Photon Cannon  
  85  11:45  Photon Cannon  
  85  11:50  Photon Cannon  
  85  12:23  Probe (Chrono Boost)  
  87  12:33  Probe x2 (Chrono Boost)  
  88  12:38  Photon Cannon  
  88  12:41  Probe (Chrono Boost)  
  88  12:42  Probe (Chrono Boost), Photon Cannon  
  88  12:44  Photon Cannon  
  90  12:45  Probe (Chrono Boost)  
  90  12:49  Probe, Photon Cannon  
  92  12:55  Photon Cannon  
  92  12:56  Probe  
  93  13:01  Probe  
  94  13:08  Probe  
  94  13:09  Assimilator  
  95  13:13  Assimilator  
  95  13:20  Photon Cannon  
  95  13:21  Photon Cannon  
  95  13:24  Photon Cannon  
  95  13:27  Photon Cannon  
  95  13:33  Photon Cannon  
  95  13:36  Photon Cannon  
  95  13:41  Photon Cannon  
  95  13:56  Protoss Shields Level 2  
  95  14:13  Carrier  
  101  14:17  Protoss Air Armor Level 2, Protoss Air Weapons Level 2  
  101  14:40  Pylon  
  101  14:53  Photon Cannon  
  101  14:59  Photon Cannon  
  101  15:04  Photon Cannon  
  101  15:08  Photon Cannon  
  88  15:59  Phoenix  
  88  16:00  Phoenix x4  
  98  16:21  Photon Cannon  
  98  16:22  Photon Cannon  
  98  16:24  Phoenix  
  98  16:25  Phoenix x4  
  106  16:26  Photon Cannon  
  106  16:31  Probe (Chrono Boost)  
  109  16:39  Photon Cannon  
  110  16:41  Probe (Chrono Boost)  
  110  16:45  Photon Cannon  
  110  16:46  Probe (Chrono Boost)  
  110  16:54  Photon Cannon  
  131  16:56  Tempest x2 (Chrono Boost)  
  131  16:57  Tempest x2 (Chrono Boost)  
  131  17:03  Carrier (Chrono Boost)  
  137  17:41  Protoss Air Weapons Level 3  
  137  17:42  Protoss Air Armor Level 3  
  137  17:52  Nexus  
  137  17:57  Assimilator  
  137  18:01  Assimilator  
  137  18:06  Pylon  
  137  18:07  Pylon  
  137  18:12  Pylon  
  135  18:35  Photon Cannon x2  
  135  18:40  Photon Cannon  
  135  18:42  Photon Cannon  
  135  18:44  Photon Cannon  
  135  18:46  Photon Cannon  
  135  18:48  Photon Cannon  
  135  18:52  Photon Cannon  
  135  18:59  Photon Cannon  
  135  19:09  Probe (Chrono Boost)  
  136  19:19  Probe (Chrono Boost)  
  137  19:24  Probe (Chrono Boost)  
  138  19:35  Probe  
  129  19:47  Probe  
  118  19:59  Phoenix x3  
  110  20:00  Phoenix x2  
  93  20:24  Phoenix x3  
  93  20:25  Phoenix  
  100  20:58  Carrier x4  
  100  20:59  Carrier  
  130  21:12  Assimilator  
  136  22:02  Tempest x4  
  136  22:03  Tempest  
  136  22:06  Mothership  
  161  22:17  Protoss Shields Level 3  
  161  22:35  Nexus  
  161  22:44  Pylon  
  161  22:47  Pylon  
  161  22:49  Pylon  
  161  23:09  Phoenix x2  
  161  23:10  Phoenix x2  
  169  23:15  Phoenix  
  171  23:55  Assimilator  
  171  23:57  Assimilator  
  171  24:01  Photon Cannon  
  171  24:05  Photon Cannon  
  171  24:08  Photon Cannon  
  171  24:11  Photon Cannon  
  171  24:12  Photon Cannon  
  171  24:15  Photon Cannon  
  171  24:19  Photon Cannon  
  171  24:21  Photon Cannon  
  122  25:33  Probe (Chrono Boost)  
  124  25:43  Probe (Chrono Boost)  
  124  25:48  Probe (Chrono Boost)  
  113  25:58  Carrier x2  
  113  25:59  Probe, Carrier x3  
  113  26:11  Probe  
  108  26:19  Nexus  
  74  27:18  Phoenix  
  74  27:19  Phoenix x4  
  84  27:31  Probe (Chrono Boost)  
  85  27:42  Probe (Chrono Boost)  
  85  27:43  Tempest x2  
  85  27:44  Tempest x3  
  102  27:46  Probe (Chrono Boost)  
  112  27:54  Probe (Chrono Boost)  
  114  28:00  Probe (Chrono Boost)  
  114  28:04  Probe (Chrono Boost)  
  115  28:08  Probe (Chrono Boost)  
  118  28:13  Probe (Chrono Boost)  
  118  28:16  Probe (Chrono Boost)  
  119  28:21  Probe (Chrono Boost)  
  119  28:25  Probe (Chrono Boost)  
  119  28:26  Probe (Chrono Boost), Phoenix x2  
  119  28:27  Phoenix x3  
  131  28:34  Probe  
  132  28:43  Assimilator  
  132  28:46  Probe  
  133  28:58  Phoenix x5  
  143  29:23  Phoenix x5  
  178  30:12  Carrier x4 (Chrono Boost)  
  178  30:13  Carrier (Chrono Boost)  
  183  30:40  Anion Pulse-Crystals  
  165  31:44  Flux Vanes  
Show
View Real Time Build Order
Export as new Build Order

PaddyQ Zerg 

Build Orders: Hatch First 

Get SALT Encoding   

  12  0:02  Drone  
  13  0:15  Drone  
  14  0:37  Hatchery  
  14  0:39  Drone  
  14  0:57  Spawning Pool  
  13  0:59  Extractor  
  13  1:00  Drone  
  14  1:04  Drone  
  14  1:12  Overlord  
  14  1:46  Queen  
  16  1:52  Spore Crawler, Spine Crawler  
  14  1:56  Queen  
  16  2:01  Drone  
  16  2:08  Drone  
  18  2:18  Overlord  
  18  2:36  Roach Warren  
  17  2:45  Drone x2  
  19  2:58  Drone  
  19  2:59  Drone x2  
  19  3:03  Drone  
  23  3:06  Drone  
  23  3:11  Drone  
  25  3:22  Lair  
  25  3:31  Drone x3  
  28  3:43  Pneumatized Carapace  
  28  3:48  Extractor  
  27  3:50  Overlord  
  27  3:52  Roach  
  27  3:55  Drone  
  30  3:56  Roach  
  30  3:59  Drone  
  33  4:10  Drone x3  
  36  4:20  Glial Reconstitution  
  36  4:27  Evolution Chamber  
  35  4:32  Spore Crawler  
  35  4:36  Roach  
  35  4:37  Roach x4  
  44  4:42  Overseer  
  44  4:46  Overlord  
  44  4:51  Spore Crawler  
  43  4:55  Drone  
  43  4:56  Spine Crawler  
  43  5:02  Extractor  
  43  5:06  Extractor  
  41  5:13  Zerg Missile Weapons Level 1  
  41  5:17  Drone x3  
  41  5:18  Drone x3  
  47  5:26  Spore Crawler  
  46  5:30  Overseer  
  46  5:33  Overseer  
  46  5:36  Roach  
  48  6:22  Spire  
  48  6:23  Overlord  
  48  6:25  Roach x2  
  51  6:36  Drone  
  52  6:53  Queen  
  54  6:55  Overlord, Drone  
  54  6:56  Drone  
  56  7:34  Overseer  
  56  7:35  Hatchery  
  55  7:40  Drone x3  
  58  7:44  Zerg Flyer Weapons Level 1  
  58  7:45  Overlord  
  58  7:47  Corruptor x2, Roach  
  58  7:48  Roach x2  
  68  8:02  Infestation Pit  
  67  8:07  Spore Crawler, Zerg Ground Armor Level 1  
  67  8:12  Overlord, Drone  
  67  8:13  Drone x3  
  67  8:19  Spore Crawler  
  69  8:43  Neural Parasite  
  69  8:45  Overlord  
  69  8:47  Roach  
  71  8:49  Infestor  
  71  8:50  Corruptor  
  71  8:52  Infestor, Roach  
  79  9:01  Hive  
  79  9:05  Burrow  
  79  9:08  Drone  
  79  9:09  Drone  
  81  9:13  Drone  
  81  9:15  Drone  
  81  9:16  Drone  
  84  9:28  Queen  
  84  9:31  Overlord  
  86  9:32  Drone  
  86  9:37  Overseer  
  87  9:43  Overlord, Drone  
  87  9:44  Drone x2  
  90  9:49  Infestor  
  92  9:53  Infestor  
  92  9:58  Corruptor  
  96  10:04  Corruptor  
  98  10:09  Infestor  
  98  10:11  Infestor  
  102  10:18  Corruptor  
  104  10:22  Drone x2  
  104  10:23  Overlord  
  106  10:30  Extractor  
  106  10:32  Extractor  
  104  10:48  Zerg Ground Armor Level 2  
  104  10:54  Corruptor x2  
  108  11:03  Overlord, Drone x2  
  108  11:04  Drone x2  
  112  11:09  Overseer  
  112  11:19  Overseer  
  112  11:34  Greater Spire  
  112  11:41  Spire  
  112  11:45  Hydralisk Den  
  112  11:46  Evolution Chamber  
  109  11:47  Corruptor  
  109  11:52  Drone x2  
  109  11:53  Drone x3  
  116  12:10  Overseer  
  116  12:16  Overlord  
  116  12:17  Overlord  
  116  12:18  Overlord x6  
  116  12:27  Spore Crawler  
  115  12:31  Overlord x5, Spore Crawler  
  115  12:32  Overlord  
  114  12:38  Overseer  
  114  12:46  Corruptor x4  
  122  12:54  Zerg Flyer Armor Level 1  
  122  13:03  Drone x5  
  127  13:09  Spine Crawler  
  126  13:15  Zerg Flyer Weapons Level 2  
  126  13:28  Overseer  
  126  13:29  Overseer  
  126  13:37  Corruptor x2, Roach  
  126  13:38  Roach x2  
  136  13:41  Corruptor x2  
  136  13:46  Overlord  
  136  13:47  Drone x2  
  142  14:13  Hatchery  
  141  14:51  Corruptor x3  
  141  14:52  Corruptor x8  
  151  14:59  Zerg Flyer Armor Level 2  
  163  15:02  Zerg Missile Weapons Level 2  
  141  15:57  Grooved Spines  
  141  16:05  Queen  
  141  16:10  Overlord  
  141  16:11  Drone x2  
  145  16:21  Unknown  
  144  16:37  Overlord, Drone  
  144  16:38  Drone x4  
  149  16:43  Brood Lord x5  
  149  16:44  Brood Lord x3  
  149  16:46  Overseer x2  
  165  16:47  Muscular Augments  
  165  17:17  Overseer  
  165  17:21  Corruptor x4  
  165  17:22  Corruptor x4  
  181  17:34  Overlord, Drone x2  
  181  17:35  Drone x3  
  186  17:39  Spore Crawler  
  167  18:28  Corruptor x4  
  167  18:29  Corruptor x2  
  179  18:35  Spore Crawler  
  179  18:39  Spore Crawler  
  179  18:40  Spore Crawler  
  176  18:44  Overlord, Drone x2  
  176  18:45  Drone x2  
  180  18:57  Spore Crawler  
  179  19:09  Overseer  
  179  19:10  Infestor x5  
  179  19:23  Hatchery  
  132  20:41  Overlord  
  132  20:47  Overlord, Corruptor  
  132  20:48  Corruptor x4  
  142  20:52  Extractor  
  142  20:53  Zerg Flyer Weapons Level 3  
  142  20:55  Zerg Flyer Armor Level 3, Extractor  
  140  20:59  Zerg Ground Armor Level 3, Zerg Missile Weapons Level 3  
  140  21:08  Drone  
  140  21:09  Spine Crawler, Drone x5  
  145  21:16  Overseer  
  145  21:21  Corruptor x4  
  145  21:22  Corruptor  
  155  21:28  Brood Lord x3  
  161  21:33  Queen  
  163  21:45  Drone x3  
  166  22:15  Overlord, Drone  
  167  22:50  Overlord, Drone x2  
  167  22:51  Drone x2  
  171  22:59  Spore Crawler x2  
  171  23:00  Corruptor x3, Spine Crawler  
  171  23:01  Corruptor x3  
  180  23:36  Hatchery  
  134  25:04  Corruptor x3  
  134  25:05  Corruptor x2  
  130  25:08  Corruptor x3  
  130  25:11  Corruptor x5  
  146  25:15  Corruptor x4  
  146  25:16  Corruptor  
  104  26:16  Corruptor  
  104  26:17  Corruptor x5  
  110  26:19  Corruptor x3  
  110  26:21  Corruptor x5  
  110  26:22  Corruptor x2  
  129  26:25  Corruptor x2  
  129  26:26  Corruptor  
  125  26:47  Extractor x2  
  122  26:52  Overseer  
  115  26:54  Overseer  
  105  27:24  Hatchery  
  104  27:37  Overlord  
  104  27:38  Drone x5  
  109  28:06  Overseer  
  109  28:08  Overlord, Corruptor x2  
  113  28:30  Metabolic Boost  
  113  28:50  Zerg Melee Weapons Level 1  
  113  28:53  Hatchery  
  112  29:12  Overlord  
  112  29:13  Spore Crawler, Drone x2  
  112  29:14  Spine Crawler, Queen  
  114  29:22  Overseer  
  114  29:52  Overseer  
  114  30:02  Zergling x4  
  114  30:03  Zergling x8  
  114  30:05  Adrenal Glands  
  120  30:08  Corruptor x2  
  120  30:13  Zergling x10  
  120  30:14  Zergling x2  
  130  30:20  Queen  
  131  31:03  Zerg Melee Weapons Level 2  
  129  31:18  Overlord, Drone x2  
  125  31:44  Corruptor x3  
  125  31:45  Corruptor x3  
  135  31:50  Corruptor  
  126  32:22  Overlord, Drone  
  121  32:23  Corruptor x3  
  81  33:02  Corruptor x3  
Tags
 
League
Silver
Matchup
PvZ
Spawn Locations
Cross Positions
Add a new tag
Caveats
  • Supply blocks, unpowered buildings, or Contaminate may cause inaccurate times.
  • Supply counts are checked every 10 seconds.